 Dungeon Crawl Stone Soup version 0.29.1-2-gbd0b4ee654 (webtiles) character file.

Game seed: 5542029879675060705

1778 qeuew the Covert (level 8, -5/41 HPs)
             Began as a Vampire Enchanter on Nov 10, 2022.
             Slain by an orc warrior
             ... wielding a +0 war axe
              (12 damage)
             ... in a bailey.
             The game lasted 00:12:52 (5851 turns).

qeuew the Covert (Vampire Enchanter)                Turns: 5851, Time: 00:12:52

Health: -5/41      AC:  7    Str:  7    XL:     8   Next: 81%
Magic:  11/15      EV: 18    Int: 18    God:
Gold:   461        SH:  5    Dex: 16    Spells: 9/17 levels left

rFire   . . .      SeeInvis +   f - +2 dagger (drain)
rCold   + + .      Faith    .   (no shield)
rNeg    + + +      Spirit   .   o - +2 leather armour {Will+}
rPois   ∞          Reflect  +   a - +0 helmet
rElec   .          Harm     .   l - +0 cloak
rCorr   +          Rampage  .   (no gloves)
Will    +....                   (no boots)
Stlth   ++++++....              k - amulet of reflection
HPRegen 0.00/turn               e - ring of resist corrosion
MPRegen 0.14/turn               h - +4 ring of evasion

@: bloodless, inhibited regen, invisible
A: bloodless, fangs 3, see invisible, vampiric 2
a: Bat Form, Revivify


You were in a bailey.
You visited 1 branch of the dungeon, and saw 7 of its levels.
You also visited: Bailey.

You collected 461 gold pieces.

Inventory:

Hand Weapons
 f - a +2 dagger of draining (weapon)
Armour
 a - a +0 helmet (worn)
 l - a +0 cloak (worn)
 o - a +2 leather armour of willpower (worn)
Jewellery
 e - a ring of resist corrosion (left hand)
 h - a +4 ring of evasion (right hand)
 k - an amulet of reflection (around neck)
Wands
 j - a wand of flame (10)
 m - a wand of paralysis (14)
 s - a wand of iceblast (11)
Scrolls
 i - 2 scrolls of fear
 n - a scroll of blinking
 q - a scroll of poison
Potions
 c - a potion of invisibility
 d - 2 potions of curing
 g - 3 potions of flight
 p - 2 potions of might


   Skills:
 + Level 5.6 Short Blades
 + Level 5.9 Dodging
 + Level 9.1 Stealth
 + Level 5.0 Spellcasting
 + Level 8.4 Hexes


You had 9 spell levels left.
You knew the following spells:

 Your Spells              Type           Power      Damage    Failure   Level
a - Ensorcelled Hibernat  Hex/Ice        38%        N/A       5%          2
b - Tukima's Dance        Hex            35%        N/A       1%          3
c - Confusing Touch       Hex            35%        N/A       1%          3

Your spell library contained the following spells:

 Spells                   Type           Power      Damage    Failure   Level
 Dazzling Flash           Conj/Hex       38%        N/A       11%         3
 Necrotise                Necr           16%        1d4       21%         1
 Sting                    Tmut/Pois      16%        1d3       21%         1
 Poisonous Vapours        Pois/Air       8%         N/A       30%         2
 Sublimation of Blood     Necr           4%         N/A       30%         2
 Wereblood                Tmut           4%         N/A       30%         2
 Vampiric Draining        Necr           4%         2d6       52%         3
 Yara's Violent Unravell  Hex/Tmut       9%         3d6       67%         5
 Olgreb's Toxic Radiance  Pois           4%         N/A       89%         4
 Passage of Golubria      Tloc           4%         N/A       89%         4
 Agony                    Necr           4%         N/A       99%         5
 Summon Hydra             Summ           2%         N/A       100%        7


Dungeon Overview and Level Annotations

Branches:
Dungeon (7/15)             Temple (0/1) D:7          Bailey (1/1)

Altars:
Kikubaaqudgha
Nemelex Xobeh

Shops:
D:3 ?

Annotations:
D:1 1 transporter
D:3 2 transporters


Innate Abilities, Weirdness & Mutations

You do not regenerate when monsters are visible.
You are frail without blood (-20% HP).
You can heal yourself when you bite living creatures.
You are immune to poison.
You have razor-sharp teeth.
You have supernaturally acute eyesight. (SInv)
You are afflicted with vampirism and can become a bat while bloodless.


Message History

The orc misses you.
An orc is nearby!
You hit the orc but do no damage. You drain the orc.
The orc is heavily wounded.
An orc is nearby!
You hit the orc but do no damage. You bite the orc.
You kill the orc!
HP restored.
s - a wand of iceblast (11) (gained 5 charges)
g - 3 potions of flight (gained 1)
Things that are here:
a +2 morningstar of freezing; a boomerang; a kobold corpse No target in view!
A hobgoblin and an orc warrior come into view.
Items here: ! )) [[ †.
An orc warrior comes into view. It is wielding a +0 war axe.
The hobgoblin closely misses you.
There is an open door here.
There are monsters nearby!
The orc warrior shouts!
You hit the hobgoblin.
The hobgoblin is severely wounded.
The hobgoblin completely misses you.
There are monsters nearby!
You closely miss the hobgoblin.
You bite the hobgoblin, but do no damage.
The hobgoblin is severely wounded.
The hobgoblin hits you but does no damage.
You hit the hobgoblin but do no damage. You drain the hobgoblin.
You kill the hobgoblin!
The orc warrior resists with some effort.
The orc warrior hits you with a +0 war axe!
The orc warrior resists with some effort.
The orc warrior completely misses you.
The orc warrior hits you with a +0 war axe!!
* * * LOW HITPOINT WARNING * * *
You see here 3 boomerangs.
You fade into invisibility!
The orc warrior hits you with a +0 war axe!
You die...

## .# #. ######.#############
.......()@o........####
..#########o.)........##
##'#.........## #.)#.)..⌠.....#
#..###.......# K. '. ###..'
#.....### ~.# #.
^...###.(....#### ≈≈..#.
####'####..#..))(~≈≈≈≈≈≈
≈≈≈≈####....o..####..≈~≈≈≈≈≈≈≈#


You could see 2 orc warriors.

Vanquished Creatures
  Eustachio (D:6)
  An orc warrior (Bailey)
  A sky beast (D:7)
  2 black bears
  A centaur (D:6)
  A kobold brigand (D:6)
  3 phantoms (D:4)
  3 necrophages
  2 scorpions (D:5)
  A howler monkey (D:6)
  2 hounds
  Crazy Yiuf (D:3)
  3 orc priests
  3 iguanas
  An orc wizard (D:3)
  3 adders
  7 gnolls
  2 shadow imps (D:5)
  3 ufetubi (D:6)
  A worm (D:2)
  2 dart slugs (D:4)
  17 orcs
  8 ball pythons
  5 bats
  7 endoplasms
  2 giant cockroaches
  12 goblins
  16 hobgoblins
  5 jackals
  21 kobolds
  5 quokkas
  A frilled lizard (D:2)
  8 rats
151 creatures vanquished.

Vanquished Creatures (others)
  A human (D:5)
  A kobold (Bailey)
2 creatures vanquished.

Grand Total: 153 creatures vanquished

Notes
Turn   | Place    | Note
-------+----------+-------------------------------------------
     0 | D:1      | qeuew the Vampire Enchanter began the quest for the Orb.
     0 | D:1      | Reached XP level 1. HP: 13/13 MP: 3/3
   155 | D:1      | Reached XP level 2. HP: 19/19 MP: 5/5
   161 | D:1      | Learned a level 2 spell: Ensorcelled Hibernation
   831 | D:2      | Gained mutation: You are afflicted with vampirism and can
                  | become a bat while bloodless. [Vampire growth]
   831 | D:2      | Reached XP level 3. HP: 21/24 MP: 1/6
  1398 | D:2      | Found a faded altar of an unknown god.
  1686 | D:3      | Reached skill level 5 in Stealth
  1686 | D:3      | Reached skill level 5 in Hexes
  1690 | D:3      | Learned a level 3 spell: Tukima's Dance
  1945 | D:3      | Found Peogoj's Magic Scroll Shoppe.
  1999 | D:3      | Reached XP level 4. HP: 17/24 MP: 2/7
  2263 | D:3      | Noticed a small abomination
  2264 | D:3      | Noticed a small abomination
  2270 | D:3      | Noticed a small abomination
  2280 | D:3      | Found a transporter.
  2316 | D:3      | Found a runed translucent door.
  2317 | D:3      | Noticed Crazy Yiuf
  2318 | D:3      | Identified the +10 hammer of Meymmuad {vorpal, Int+2 Dex+6}
  2405 | D:3      | Found a transporter.
  2717 | D:3      | Killed Crazy Yiuf
  2718 | D:3      | Reached XP level 5. HP: 28/28 MP: 2/9
  2727 | D:3      | Identified the +6 hammer "Gieck" {drain, *Noise rElec Int-5
                  | SInv}
  2863 | D:4      | Noticed a phantom
  2864 | D:4      | Killed a phantom
  2867 | D:4      | Noticed a phantom
  2870 | D:4      | Reached skill level 6 in Stealth
  2870 | D:4      | Reached XP level 6. HP: 36/36 MP: 10/10
  3087 | D:4      | Reached XP level 7. HP: 38/46 MP: 12/12
  3376 | D:4      | Reached skill level 7 in Stealth
  3757 | D:5      | Entered Level 5 of the Dungeon
  3858 | D:5      | Found an ancient bone altar of Kikubaaqudgha.
  4147 | D:5      | Noticed a human
  4150 | D:5      | Killed a human
  4500 | D:6      | Reached XP level 8. HP: 41/41 MP: 14/14
  4506 | D:6      | Reached skill level 5 in Dodging
  4569 | D:6      | Reached skill level 8 in Stealth
  4583 | D:6      | Noticed Eustachio
  4589 | D:6      | Killed Eustachio
  4590 | D:6      | Reached skill level 5 in Short Blades
  4594 | D:6      | Learned a level 3 spell: Confusing Touch
  4700 | D:6      | Found a sparkling altar of Nemelex Xobeh.
  5612 | D:7      | Found a flagged portal.
  5640 | Bailey   | Entered a bailey
  5694 | Bailey   | Reached skill level 9 in Stealth
  5694 | Bailey   | Reached skill level 5 in Spellcasting
  5851 | Bailey   | Slain by an orc warrior

Illustrated notes

Levels and vault maps discovered:
D:1:      spicycebolla_arrival_risky_transporter, layout_loops_ring
D:2:      layout_loops_cross, dilly_ecumenical_altar_fadedgnrine,
          minmay_small_reverse_x
D:3:      layout_basic, gammafunk_ghost_abyssal_escape, serial_shops,
          nicolae_shop_waterfront, uniq_crazy_yiuf_cottage
D:4:      layout_gridville, minmay_pentomino_pile
D:5:      layout_rooms, tgw_kikubaaqudgha
D:6:      minmay_klotski, layout_loops_ring, pf_just_have_faith,
          kennysheep_pointless_box, uniq_eustachio
D:7:      layout_basic, nicolae_gozag_cash_rules_everything_around_me,
          grunt_temple_overflow_lords_of_destruction,
          nicolae_wu_jian_immortal_techniques,
          minmay_temple_entry_drinking_statues, enter_bailey_4
Bailey:   bailey_axe_4, bailey

Skill      XL: |  1  2  3  4  5  6  7  8 |
---------------+-------------------------+-----
Stealth        | 5 6 7 9 |  9.1
Hexes          | 5 6 7 8 |  8.4
Short Blades   | 2 3 4 5 |  5.6
Dodging        | 3 4 5 |  5.9
Spellcasting   | 3 4 5 |  5.0

Action                   |  1- 3 |  4- 6 |  7- 9 || total
-------------------------+-------+-------+-------++-------
Melee: Dagger            |   102 |    96 |   248 ||   446
       Bite              |     7 |    12 |    27 ||    46
       Punch             |     2 |     3 |     2 ||     7
 Cast: Ensorcelled Hiber |    20 |     4 |    37 ||    61
       Confusing Touch   |       |       |     1 ||     1
 Abil: Exsanguinate      |     1 |       |     1 ||     2
       Revivify          |       |     1 |       ||     1
  Use: Scroll            |     8 |       |     5 ||    13
       Potion            |     2 |       |     4 ||     6
 Stab: Sleeping          |    26 |    16 |    25 ||    67
       Confused          |       |       |     1 ||     1
Armor: Robe              |    15 |    10 |    17 ||    42
       Leather armour    |       |       |    21 ||    21
Dodge: Dodged            |    55 |    48 |   204 ||   307
Block: Other             |     6 |    13 |    66 ||    85
       Reflection        |       |       |     2 ||     2
